 Dungeon Crawl Stone Soup version 0.23.2-33-g5129a83184 (webtiles) character file.

Game seed: 13511302702267169444

27995 Destapler the Carver (level 13, -9/117 HPs)
             Began as a Troll Monk on July 23, 2019.
             Was a High Priest of Wu Jian.
             Killed from afar by an ogre mage (15 damage)
             ... with a bolt of fire
             ... on level 13 of the Dungeon on July 24, 2019.
             The game lasted 02:55:12 (13758 turns).

Destapler the Carver (Troll Monk)                  Turns: 13758, Time: 02:55:12

Health: -9/117     AC:  8    Str: 22    XL:     13   Next: 7%
Magic:  0/12       EV: 18    Int:  7    God:    Wu Jian [*****.]
Gold:   1468       SH: 12    Dex: 15    Spells: 12/12 levels left

rFire    + . .     SeeInvis .   a - +7 Singing Sword {slice, sonic wave}
rCold    + . .     Gourm    +   G - +1 shield
rNeg     . . .     Faith    .   F - +2 robe {rC+ rF+}
rPois    .         Spirit   +   (helmet restricted)
rElec    .         Reflect  .   (no cloak)
rCorr    .         Harm     .   (gloves unavailable)
MR       +....                  (boots unavailable)
Stlth    ++........             r - amulet of guardian spirit
HPRegen  0.69/turn              c - ring of protection from magic
MPRegen  0.13/turn              o - +2 ring of evasion

@: about to teleport
A: large, unfitting armour, claws 3, fast metabolism 3, gourmand, regeneration
1, shaggy fur 1, tough skin 3
a: Wall Jump, Serpent's Lash, Heavenly Storm, Renounce Religion


You were on level 13 of the Dungeon.
You worshipped Wu Jian.
Wu Jian was extremely pleased with you.
You were not hungry.

You visited 3 branches of the dungeon, and saw 16 of its levels.
You also visited: Sewer.

You collected 1468 gold pieces.

Inventory:

Hand Weapons
 a - the +7 Singing Sword (weapon) {slice, sonic wave}
   (You found it on level 4 of the Dungeon)

   It inflicts extra damage upon your enemies.
 b - the +9 spear of the Doomed Warrior {freeze, +Inv MR+ Str+2}
   (You took it off a kobold on level 8 of the Dungeon)

   It has been specially enchanted to freeze those struck by it, causing extra
   injury to most foes and up to half again as much damage against particularly
   susceptible opponents.
   It can also slow down cold-blooded creatures.
   It affects your strength (+2).
   It affects your resistance to hostile enchantments.
   It lets you turn invisible.
Missiles
 j - 516 stones (quivered)
 v - 3 silver tomahawks
 y - 33 tomahawks
Armour
 F - a +2 robe of resistance (worn)
 G - a +1 shield (worn)
 O - a +0 troll leather armour
Jewellery
 c - a ring of protection from magic (left claw)
 k - an uncursed ring of ice
 o - a +2 ring of evasion (right claw)
 r - an amulet of guardian spirit (around neck)
 z - an uncursed ring of ice
 B - an uncursed ring of resist corrosion
 L - an uncursed ring of flight
 M - an uncursed ring of positive energy
Wands
 g - a wand of digging (7)
 h - a wand of paralysis (9)
 m - a wand of polymorph (7)
 x - a wand of flame (6)
 A - a wand of enslavement (9)
 H - a wand of acid (15)
 J - a wand of clouds (3)
Scrolls
 d - 4 scrolls of remove curse
 e - 5 scrolls of teleportation
 l - 3 scrolls of identify
 p - a scroll of enchant armour
 q - 4 scrolls of blinking
 u - a scroll of amnesia
 w - a scroll of fog
 K - 2 scrolls of magic mapping
Potions
 f - 6 potions of curing
 i - a potion of might
 n - 2 potions of lignification
 s - 2 potions of brilliance
 C - 2 potions of invisibility
 E - a potion of berserk rage
 I - a potion of agility
Miscellaneous
 D - a sack of spiders
Comestibles
 t - 34 rations


   Skills:
 + Level 4.8 Fighting
 - Level 10.2 Long Blades
 + Level 0.4 Polearms
 - Level 3.0 Throwing
 + Level 1.5 Armour
 + Level 10.2 Dodging
 - Level 1.0 Stealth
 - Level 9.0 Shields
 - Level 8.6 Unarmed Combat
 * Level 0.8 Evocations


You had 12 spell levels left.
You didn't know any spells.
Your spell library contained the following spells:

 Spells                   Type           Power        Failure   Level  Hunger
 Confusing Touch          Hex            #.....       43%         1    ##.....
 Sting                    Conj/Pois      #...         43%         1    ##.....
 Poisonous Vapours        Pois/Air       #.....       56%         2    ###....
 Confuse                  Hex            #.......     80%         3    ####...
 Gell's Gravitas          Tloc           #.........   80%         3    ####...
 Mephitic Cloud           Conj/Pois/Air  #.......     80%         3    ####...
 Olgreb's Toxic Radiance  Pois           #.......     99%         4    #####..
 Petrify                  Tmut/Erth      #.......     99%         4    #####..
 Metabolic Englaciation   Hex/Ice        #.........   100%        5    ######.
 Venom Bolt               Conj/Pois      #.........   100%        5    ######.
 Yara's Violent Unravell  Hex/Tmut       #.........   100%        5    ######.


Dungeon Overview and Level Annotations

Branches:
Dungeon (13/15)            Temple (1/1) D:6            Lair (0/6) D:11
    Orc (2/2) D:9
    Elf: Orc:2       Vaults: D:13-14

Altars:
Ashenzari
Cheibriados
Dithmenos
Elyvilon
Fedhas
Gozag
Hepliaklqana
Kikubaaqudgha
Makhleb
Nemelex Xobeh
Okawaru
Qazlal
Ru
Sif Muna
Trog
Uskayaw
Vehumet
Wu Jian
Xom
Yredelemnul
Zin
The Shining One

Shops:
Orc:1 (

Portals:
Trove: D:10 (give 2 scrolls of acquirement)

Annotations:
D:9 exclusion: 2 oklob saplings
Orc:2 Azrael; Rupert


Innate Abilities, Weirdness & Mutations

You are too large for most types of armour.
You have claws for hands.
Your metabolism is lightning-fast.
You like to eat raw meat.
Your natural rate of healing is unusually fast.
You are covered in fur. (AC +1)
You have extremely tough skin. (AC +3)


Message History

The vault guard is severely wounded.
You closely miss the vault guard.
The vault guard is severely wounded.
The ogre mage hits you but does no damage.
The tengu conjurer misses you. The tengu conjurer pecks you.
* * * LOW HITPOINT WARNING * * *
The tengu conjurer claws you.
* * * LOW HITPOINT WARNING * * *
The vault guard misses you.
You hit the vault guard.
The vault guard is almost dead.
The ogre mage casts a spell at you. The bolt of cold hits you! You resist.
* * * LOW HITPOINT WARNING * * *
The tengu conjurer closely misses you. The tengu conjurer pecks you.
* * * LOW HITPOINT WARNING * * *
You block the tengu conjurer's attack. The vault guard closely misses you.
The ogre mage gestures at you while chanting.
The bolt of fire hits you! You resist.
You die...

#####≈(.## #.... #=
#...#≈≈≈.## #.... #.
+..(p≈≈≈≈.# #.... #..
#(((.≈≈≈≈.# #.... #..
#####≈≈≈≈.# #.... #...
#≈≈(≈.# #....
#..p#####≈((..# #....
#......O'(((((## #....
+...#.@p'(.....####....
#......Q)()....(.......
#...#####(((..#####....
#... #≈≈≈≈.# #.... #..
#####≈≈≈≈.# #.... #..
#...p≈≈≈≈.#####.... #.
+./.)≈≈≈≈.........^ #.
#...#≈≈≈...........
########≈(....(....<..


You could see 2 vault guards, an ogre mage and a tengu conjurer.

Vanquished Creatures
  Fannar (D:12)
  A hydra (D:13)
  Erica (D:10)
  2 catoblepae (D:8)
  The ghost of Atelerd the Summoner, a journeyman OpWz (D:11)
  3 skeletal warriors (D:12)
  An unseen horror (D:10)
  Pikel (D:6)
  A deep elf archer (D:13)
  An orc knight (D:13)
  3 ugly things
  A moth of wrath (D:11)
  A manticore (D:11)
  3 gargoyles
  4 kobold demonologists
  A yaktaur (shapeshifter) (D:13)
  3 trolls
  A queen bee (D:12)
  Prince Ribbit (D:9)
  Grinder (D:4)
  5 hippogriffs
  Sigmund (D:2)
  2 yaks (D:11)
  2 wraiths
  A vampire (D:11)
  Eustachio (D:6)
  A human (D:7)
  4 hogs (D:7)
  A steam dragon (D:7)
  A basilisk (D:11)
  2 vampire mosquitoes (D:8)
  Grum (D:9)
  Menkaure (D:6)
  A soldier ant (D:11)
  A warg (Orc:1)
  Duvessa (D:7)
  13 orc warriors
  6 ice beasts
  A phantom (D:8)
  8 ogres
  A black bear (D:12)
  7 sky beasts
  A necrophage (D:8)
  3 slaves (D:6)
  2 wolves (D:9)
  3 centaurs
  3 crocodiles (D:11)
  10 big kobolds
  10 bullfrogs
  A wyvern zombie (D:6)
  A water moccasin zombie (D:8)
  2 wyvern skeletons
  Dowan (D:7)
  6 scorpions
  28 killer bees
  9 howler monkeys
  17 wights
  5 crimson imps
  A centaur zombie (D:11)
  2 bullfrog zombies
  3 bullfrog skeletons
  4 jellies
  17 orc wizards
  2 centaur skeletons
  19 orc priests
  Ijyb (D:3)
  2 gnoll shamans
  9 hounds
  8 iguanas
  Jessica (D:3)
  10 worker ants
  A hound skeleton (D:4)
  A worker ant zombie (D:5)
  Robin (D:2)
  7 gnolls
  20 adders
  A howler monkey skeleton (D:9)
  6 shadow imps
  A white imp (D:11)
  5 oozes (Sewer)
  5 adder skeletons
  6 worms
  3 dart slugs
  17 leopard geckos
  66 orcs
  15 ball pythons
  19 giant cockroaches
  14 goblins
  10 hobgoblins
  16 jackals
  A quokka (D:2)
  14 bats
  13 frilled lizards
  A jackal skeleton (D:8)
  46 kobolds
  12 kobold skeletons (D:8)
  6 kobold zombies (D:8)
  A leopard gecko zombie (D:5)
  8 rats
  14 plants (D:12)
605 creatures vanquished.

Vanquished Creatures (others)
  A wizard (D:7)
  A slave (D:6)
  10 fungi (D:4)
  12 plants (D:12)
24 creatures vanquished.

Grand Total: 629 creatures vanquished

Notes
Turn   | Place    | Note
-------+----------+-------------------------------------------
     0 | D:1      | Destapler the Troll Monk began the quest for the Orb.
     0 | D:1      | Reached XP level 1. HP: 22/22 MP: 0/0
   118 | D:1      | Reached XP level 2. HP: 29/29 MP: 1/1
   797 | D:2      | Noticed Robin
   806 | D:1      | Reached XP level 3. HP: 34/36 MP: 2/2
  1112 | D:2      | Killed Robin
  1112 | D:2      | Reached XP level 4. HP: 40/45 MP: 3/3
  1333 | D:3      | Found a blossoming altar of Fedhas.
  1457 | D:3      | Noticed Jessica
  1460 | D:3      | Killed Jessica
  1472 | D:3      | Found a glowing drain.
  1487 | Sewer    | Entered a sewer
  1525 | Sewer    | Reached XP level 5. HP: 53/53 MP: 4/4
  1788 | Sewer    | Reached skill level 5 in Unarmed Combat
  1788 | Sewer    | Reached XP level 6. HP: 57/61 MP: 5/5
  1995 | D:3      | Noticed Sigmund
  2017 | D:2      | Killed Sigmund
  2017 | D:2      | Reached skill level 1 in Shields
  2208 | D:3      | Reached XP level 7. HP: 64/67 MP: 6/6
  2604 | D:3      | Noticed Ijyb
  2624 | D:3      | Killed Ijyb
  2985 | D:4      | Reached skill level 5 in Dodging
  3294 | D:4      | Found a snail-covered altar of Cheibriados.
  3341 | D:4      | Noticed Grinder
  3356 | D:4      | Killed Grinder
  3356 | D:4      | Reached XP level 8. HP: 41/75 MP: 7/7
  3741 | D:4      | Found the +7 Singing Sword {slice, sonic wave}
  3811 | D:5      | Entered Level 5 of the Dungeon
  3993 | D:5      | Got a smoking flail
  4067 | D:5      | Found a burning altar of Makhleb.
  4313 | D:6      | Found a staircase to the Ecumenical Temple.
  4314 | D:6      | Noticed Pikel
  4328 | D:6      | Killed Pikel
  4328 | D:6      | Reached XP level 9. HP: 74/81 MP: 8/8
  4347 | Temple   | Entered the Ecumenical Temple
  4499 | Temple   | Became a worshipper of the Wu Jian Council
  4499 | Temple   | Reached * piety under Wu Jian
  4499 | Temple   | Reached ** piety under Wu Jian
  4572 | D:6      | Noticed Eustachio
  4608 | D:6      | Killed Eustachio
  4608 | D:6      | Reached skill level 5 in Shields
  5010 | D:6      | Noticed Menkaure
  5014 | D:6      | Killed Menkaure
  5289 | D:7      | Reached skill level 1 in Long Blades
  5561 | D:7      | Found a bloodstained altar of Trog.
  5572 | D:7      | Noticed a wizard
  5578 | D:7      | Killed a wizard
  5639 | D:7      | Reached XP level 10. HP: 91/91 MP: 9/9
  5670 | D:7      | Noticed Dowan
  5672 | D:7      | Noticed Duvessa
  5680 | D:7      | Killed Duvessa
  5685 | D:7      | Killed Dowan
  6023 | D:8      | Noticed a catoblepas
  6169 | D:8      | Killed a catoblepas
  6249 | D:8      | Reached *** piety under Wu Jian
  6266 | D:8      | Reached skill level 5 in Long Blades
  6270 | D:8      | Identified the +9 spear of the Doomed Warrior {freeze, +Inv
                  | MR+ Str+2}
  6270 | D:8      | Reached **** piety under Wu Jian
  6379 | D:8      | Found a white marble altar of Elyvilon.
  6381 | D:8      | Found a glowing golden altar of the Shining One.
  6476 | D:8      | Found an ancient bone altar of Kikubaaqudgha.
  6553 | D:8      | Found an ancient bone altar of Kikubaaqudgha.
  6879 | D:8      | Noticed a catoblepas
  6928 | D:8      | Killed a catoblepas
  6928 | D:8      | Reached XP level 11. HP: 26/97 MP: 10/10
  7157 | D:9      | Found a staircase to the Orcish Mines.
  7157 | D:9      | Noticed Prince Ribbit
  7299 | D:9      | Reached ***** piety under Wu Jian
  7315 | D:9      | Noticed Grum
  7336 | D:9      | Killed Grum
  7744 | D:9      | Killed Prince Ribbit
  7962 | D:10     | Entered Level 10 of the Dungeon
  8903 | D:10     | Killed an unseen horror
  9012 | D:10     | You fall through a shaft for 2 floors!
  9013 | D:12     | Noticed a red ugly thing
  9022 | D:12     | Killed a red ugly thing
  9282 | D:11     | Found a staircase to the Lair.
  9329 | D:11     | Found a transporter.
  9360 | D:11     | Found a transporter.
  9366 | D:11     | Noticed Atelerd's ghost (journeyman OpWz)
  9419 | D:11     | Noticed a soul eater
  9827 | D:10     | Noticed Erica
 10157 | D:10     | Killed Erica
 10157 | D:10     | Reached XP level 12. HP: 105/105 MP: 11/11
 10173 | D:10     | Reached skill level 1 in Throwing
 10413 | D:10     | Found a portal to a secret trove of treasure.
 10921 | Orc:1    | Entered Level 1 of the Orcish Mines
 11156 | Orc:1    | Found Sitodar's Antique Weapon Emporium.
 11293 | Orc:1    | Found a bloodstained altar of Trog.
 11519 | Orc:2    | Entered Level 2 of the Orcish Mines
 11556 | Orc:2    | Noticed Azrael
 11571 | Orc:2    | Noticed Rupert
 11571 | Orc:2    | Noticed an ettin
 11787 | D:11     | Killed Atelerd's ghost
 12243 | D:12     | Noticed Fannar
 12249 | D:12     | Killed Fannar
 12249 | D:12     | Reached skill level 10 in Dodging
 12424 | D:12     | Found a sacrificial altar of Ru.
 12662 | D:13     | Reached skill level 10 in Long Blades
 13113 | D:13     | Noticed a vault guard
 13143 | D:13     | Reached skill level 1 in Armour
 13225 | D:13     | Noticed a five-headed hydra
 13243 | D:13     | Killed a five-headed hydra
 13243 | D:13     | Reached XP level 13. HP: 80/117 MP: 9/12
 13327 | D:13     | Found a frozen archway.
 13757 | D:13     | HP: 5/117 [tengu conjurer (3)]
 13758 | D:13     | Killed from afar by an ogre mage

Skill      XL: |  1  2  3  4  5  6  7  8  9 10 11 12 |
---------------+-------------------------------------+-----
Dodging        | 3 4 5 6 7 8 9 10 | 10.2
Fighting       | 3 4 |  4.8
Unarmed Combat | 4 5 6 8 |  8.6
Shields        | 1 3 4 6 7 8 9 |  9.0
Long Blades    | 2 6 8 10 | 10.2
Throwing       | 3 |  3.0
Armour         | 1 |  1.5
Polearms       | |  0.4
Stealth        | |  1.0
Evocations     | |  0.8

Action                   |  1- 3 |  4- 6 |  7- 9 | 10-12 | 13-15 || total
-------------------------+-------+-------+-------+-------+-------++-------
Melee: Unarmed           |   108 |   187 |   175 |       |       ||   470
       Punch             |     1 |     4 |       |       |       ||     5
       Double sword      |       |       |   110 |   605 |    12 ||   727
       Spear             |       |       |       |    11 |    44 ||    55
Throw: Stone             |     5 |       |     8 |     7 |     9 ||    29
       Tomahawk          |       |       |     3 |     7 |       ||    10
       Large rock        |       |       |       |     4 |       ||     4
Invok: Whirlwind         |       |       |    21 |   127 |     6 ||   154
       Lunge             |       |       |     7 |    56 |     1 ||    64
       Serpent's Lash    |       |       |       |     2 |       ||     2
       Heavenly Storm    |       |       |       |     2 |       ||     2
 Abil: Wall Jump         |       |       |    17 |    43 |       ||    60
Evoke: Wand              |       |       |       |     1 |     1 ||     2
  Use: Potion            |       |     1 |     1 |     5 |       ||     7
       Scroll            |       |       |     7 |    13 |     1 ||    21
 Stab: Sleeping          |     4 |       |     8 |     2 |       ||    14
       Distracted        |       |       |     2 |     2 |       ||     4
  Eat: Chunk             |    16 |    11 |    31 |    70 |     2 ||   130
Armor: Robe              |    38 |    80 |    46 |   107 |    10 ||   281
Dodge: Dodged            |    68 |   110 |   120 |   264 |    33 ||   595
Block: Shield            |       |    21 |   123 |   282 |    32 ||   458
       Rpst.: Double sword |       |       |    20 |    66 |     3 ||    89
